 Dungeon Crawl Stone Soup version 0.20.1-1-g8b1a95d (webtiles) character file.

167 digijack the Caller (level 5, -1/28 HPs)
             Began as a Tengu Summoner on Dec 9, 2017.
             Slain by a scorpion (3 damage)
             ... on level 4 of the Dungeon.
             The game lasted 00:31:03 (5453 turns).

digijack the Caller (Tengu Summoner)                Turns: 5453, Time: 00:31:04

Health: -1/28      AC:  7    Str: 10    XL:     5   Next: 48%
Magic:  1/10       EV: 13    Int: 16    God:
Gold:   68         SH:  4    Dex: 15    Spells: 3/9 levels left

rFire    . . .     SeeInvis .   c - +3 dagger (venom)
rCold    . . .     Gourm    .   (no shield)
rNeg     . . .     Faith    .   a - +2 robe
rPois    .         Spirit   .   (helmet restricted)
rElec    .         Reflect  +   (no cloak)
rCorr    .         Harm     .   o - +0 pair of gloves
MR       +....                  (boots unavailable)
Stlth    ++........             p - +4 amulet of reflection
Regen    0.1/turn               e - ring of wizardry
MPRegen  0.2/turn               (no ring)

@: no status effects
A: beak, talons 3, iridescent scales 1, magic resistance 1, strong 1, able to
fly 1
a: Fly


You were on level 4 of the Dungeon.
You were not hungry.

You visited 1 branch of the dungeon, and saw 4 of its levels.

You collected 68 gold pieces.

Inventory:

Hand Weapons
 c - a +3 dagger of venom (weapon)
Armour
 a - a +2 robe (worn)
 o - a +0 pair of gloves (worn)
Jewellery
 e - a ring of wizardry (left hand)
 l - an uncursed amulet of regeneration
 p - a +4 amulet of reflection (around neck)
Scrolls
 f - a scroll of teleportation
 n - 2 scrolls of fear
 q - a scroll of identify
Potions
 i - a potion of curing
 k - a potion of heal wounds
 m - a potion of agility
Books
 b - a book of Callings

   Spells                             Type                      Level
   a - Summon Small Mammal            Summoning                    1
   b - Call Imp                       Summoning                    2
   c - Call Canine Familiar           Summoning                    3
   d - Summon Guardian Golem          Hexes/Summoning              3
   e - Summon Lightning Spire         Summoning/Air                4
   f - Summon Ice Beast               Ice/Summoning                4
Comestibles
 d - 9 chunks of flesh
 g - 2 bread rations
 h - 3 royal jellies
 j - 2 meat rations


   Skills:
 + Level 1.8 Short Blades
 + Level 3.3 Dodging
 + Level 3.1 Stealth
 + Level 2.6 Spellcasting
 + Level 5.9 Summonings


You had 3 spell levels left.
You knew the following spells:

 Your Spells              Type           Power        Failure   Level  Hunger
a - Summon Small Mammal   Summ           ###.         1%          1    #......
b - Call Imp              Summ           ###.....     1%          2    ##.....
c - Call Canine Familiar  Summ           ###.....     1%          3    ###....


Dungeon Overview and Level Annotations

Branches:
Dungeon (4/15)
 Temple: D:4-7

Altars:
Ashenzari
Okawaru
Qazlal
Yredelemnul
The Shining One


Innate Abilities, Weirdness & Mutations

You have a beak for a mouth.
You have claws for feet.
You can fly.
You are partially covered in iridescent scales. (AC +2)
You are resistant to hostile enchantments. (MR+)
Your muscles are strong. (Str +2)


Message History

The scorpion closely misses your hound.
The orc hits your hound but does no damage.
You hit the iguana but do no damage.
Your hound disappears in a puff of smoke!
Your white imp barely misses the orc.
The iguana bites you!
You hit the iguana but do no damage.
The iguana is poisoned.
The orc hits your white imp but does no damage.
Your white imp misses the scorpion.
Your white imp barely misses the orc.
The scorpion stings you! You block the jackal's attack.
You hit the iguana.
The iguana looks as sick as possible!
You peck the iguana.
The iguana is heavily wounded.
The iguana bites you!
* * * LOW HITPOINT WARNING * * *
Your white imp gestures at the scorpion.
The puff of frost misses the scorpion.
The orc hits your white imp but does no damage.
Your white imp hits the orc.
Your white imp freezes the orc.
The jackal bites you but does no damage.
The scorpion stings you.
You die...

..........ยง######
.#l......##
##.....##
.###....##
........##
...####..# .#
#..## ##lh## #@.5#
##s5# o.5.. ...###
...# ..## ..# #.#


You could see a scorpion, an iguana, an orc, a jackal, a friendly crimson imp
and 2 friendly white imps.

Vanquished Creatures
  3 adders
  2 worms (D:2)
  3 leopard geckos
  An orc (D:3)
  2 bats (D:1)
  5 goblins
  3 hobgoblins
  5 jackals
  A kobold (D:1)
  A frilled lizard (D:3)
  2 rats
28 creatures vanquished.

Vanquished Creatures (collateral kills)
  An orc priest (D:3)
  A hound skeleton (D:3)
  2 adders
  2 oozes (D:2)
  2 worms
  2 dart slugs
  2 leopard geckos (D:1)
  10 orcs
  A ball python (D:4)
  4 giant cockroaches
  7 goblins
  3 hobgoblins
  6 jackals
  3 quokkas
  8 bats
  5 frilled lizards
  8 kobolds
  A quokka skeleton (D:3)
  3 rats
  A spectral orc (D:3)
72 creatures vanquished.

Grand Total: 100 creatures vanquished

Notes
Turn   | Place    | Note
-------+----------+-------------------------------------------
     0 | D:1      | digijack the Tengu Summoner began the quest for the Orb.
     0 | D:1      | Reached XP level 1. HP: 10/10 MP: 4/4
    45 | D:1      | Reached skill level 5 in Summonings
   294 | D:1      | Reached XP level 2. HP: 15/15 MP: 0/6
   298 | D:1      | Learned a level 2 spell: Call Imp
  1883 | D:2      | Reached XP level 3. HP: 19/19 MP: 1/7
  2146 | D:2      | Found a glowing golden altar of the Shining One.
  2756 | D:2      | Reached XP level 4. HP: 24/24 MP: 2/8
  2811 | D:2      | Reached skill level 1 in Short Blades
  2968 | D:2      | Found a shattered altar of Ashenzari.
  2972 | D:2      | Found an iron altar of Okawaru.
  3309 | D:2      | Learned a level 3 spell: Call Canine Familiar
  3370 | D:2      | Found a stormy altar of Qazlal.
  3985 | D:3      | Gained mutation: You can fly. [Tengu growth]
  3985 | D:3      | Reached XP level 5. HP: 28/28 MP: 9/9
  4385 | D:3      | Found a basalt altar of Yredelemnul.
  4917 | D:3      | Gained mutation: You are resistant to hostile enchantments. (MR+) [potion of mutation]
  4917 | D:3      | Gained mutation: Your muscles are strong. (Str +2) [potion of mutation]
  4917 | D:3      | Gained mutation: You are partially covered in iridescent scales. (AC +2) [potion of mutation]
  5453 | D:4      | Slain by a scorpion

Skill      XL: |  1  2  3  4 |
---------------+-------------+-----
Summonings     | 5 |  5.9
Short Blades   | 1 |  1.8
Stealth        | 3 |  3.1
Dodging        | 3 |  3.3
Spellcasting   | |  2.6

Action                   |  1- 3 |  4- 6 || total
-------------------------+-------+-------++-------
Melee: Unarmed           |    30 |       ||    30
       Kick              |    14 |     8 ||    22
       Peck              |     6 |     5 ||    11
       Short sword       |     4 |       ||     4
       Dagger            |    25 |    54 ||    79
 Cast: Summon Small Mamm |    16 |       ||    16
       Call Imp          |    64 |    62 ||   126
       Call Canine Famil |       |     7 ||     7
  Use: Scroll            |     4 |     5 ||     9
       Potion            |     4 |     2 ||     6
 Stab: Distracted        |     1 |       ||     1
       Sleeping          |     2 |     5 ||     7
  Eat: Chunk             |     6 |     7 ||    13
       Bread ration      |     1 |       ||     1
       Fruit             |       |     1 ||     1
       Meat ration       |       |     1 ||     1
Armor: Robe              |    13 |    17 ||    30
Dodge: Dodged            |    42 |    25 ||    67
Block: Other             |       |     2 ||     2
